Map: Paladino Terminal LE

Players

Lionhealer

  • Race: Protoss Protoss
  • League: Diamond
  • Spawn Location: 5:00

FEMAZooBEAST - Winner!

  • Race: Zerg Zerg
  • League: Platinum
  • Spawn Location: 9:00

VOD

Have the link to the VOD?

Description

Time

  • Played on: March 25, 2017, 8:10 p.m.
  • Length: 19:35
Show
View Real Time Build Order
Export as new Build Order

Lionhealer Protoss 

Build Orders: 1 Gate Expand 

Get SALT Encoding   

  12  0:01  Probe (Chrono Boost)  
  13  0:11  Probe (Chrono Boost)  
  14  0:20  Pylon  
  14  0:23  Probe (Chrono Boost)  
  15  0:38  Probe (Chrono Boost)  
  15  0:42  Gateway  
  16  0:49  Probe (Chrono Boost)  
  17  0:52  Assimilator  
  17  1:00  Probe (Chrono Boost)  
  18  1:28  Nexus  
  18  1:40  Cybernetics Core  
  18  1:46  Probe (Chrono Boost), Assimilator  
  19  1:56  Probe (Chrono Boost)  
  20  2:05  Pylon  
  20  2:28  Pylon  
  20  2:36  Adept  
  22  2:45  Warp Gate  
  22  2:47  Probe (Chrono Boost)  
  23  2:58  Probe (Chrono Boost)  
  24  3:03  Adept  
  26  3:12  Probe (Chrono Boost)  
  27  3:14  Probe (Chrono Boost)  
  28  3:23  Probe (Chrono Boost)  
  28  3:26  Twilight Council  
  29  3:32  Probe (Chrono Boost)  
  30  3:35  Probe (Chrono Boost)  
  33  3:43  Probe (Chrono Boost), Adept  
  34  3:50  Probe (Chrono Boost), Gateway  
  34  3:53  Probe (Chrono Boost)  
  36  4:00  Probe (Chrono Boost)  
  36  4:02  Gateway  
  37  4:05  Resonating Glaives  
  38  4:10  Probe (Chrono Boost)  
  38  4:14  Probe (Chrono Boost), Assimilator  
  39  4:22  Probe (Chrono Boost)  
  40  4:25  Pylon  
  40  4:27  Gateway  
  40  4:34  Gateway  
  40  4:37  Probe (Chrono Boost)  
  42  4:40  Probe (Chrono Boost)  
  39  4:57  Probe (Chrono Boost)  
  40  5:12  Probe (Chrono Boost)  
  42  5:14  Probe (Chrono Boost), Adept x2  
  46  5:23  Adept  
  48  5:31  Gateway  
  48  5:32  Gateway  
  48  5:41  Adept x2  
  52  5:50  Pylon  
  52  6:09  Probe (Chrono Boost)  
  54  6:11  Probe (Chrono Boost)  
  52  6:20  Probe (Chrono Boost)  
  47  6:29  Adept x4  
  55  6:36  Probe (Chrono Boost), Robotics Facility  
  55  6:38  Gateway, Assimilator, Probe (Chrono Boost)  
  55  6:39  Forge  
  49  6:44  Stalker x2  
  49  6:46  Probe (Chrono Boost)  
  54  6:51  Pylon  
  54  6:52  Sentry x2  
  58  6:56  Stalker  
  58  6:59  Sentry  
  62  7:12  Protoss Ground Weapons Level 1, Pylon  
  62  7:13  Pylon, Zealot x2  
  66  7:16  Zealot  
  69  7:24  Probe (Chrono Boost)  
  69  7:29  Pylon  
  69  7:30  Zealot  
  69  7:31  Zealot  
  62  7:58  Zealot x3, Mothership Core (Chrono Boost)  
  68  8:09  Adept  
  68  8:10  Adept x3  
  70  8:18  Probe (Chrono Boost)  
  67  8:20  Immortal  
  69  8:37  Stalker  
  71  8:47  Stalker  
  73  8:59  Stalker x2  
  77  9:16  Pylon  
  77  9:23  Probe (Chrono Boost)  
  78  9:30  Pylon  
  78  9:36  Pylon  
  78  9:37  Pylon  
  78  9:44  Immortal  
  78  9:47  Protoss Ground Armor Level 1  
  78  9:49  Pylon  
  78  9:50  Probe x2 (Chrono Boost)  
  78  9:52  Pylon  
  84  10:01  Templar Archives  
  84  10:02  Stalker  
  86  10:07  Stalker  
  88  10:21  Observer  
  89  10:40  Stalker x2  
  89  10:41  Stalker x3  
  99  10:49  Probe x2 (Chrono Boost), Assimilator  
  101  10:52  Stalker  
  101  10:53  Stalker  
  101  10:57  Stalker  
  107  11:04  High Templar x4  
  107  11:05  High Templar  
  107  11:10  Archon x2  
  117  11:11  Pylon  
  117  11:20  Pylon  
  117  11:29  High Templar  
  117  11:30  Stalker  
  117  11:31  Stalker  
  97  12:03  Stalker  
  97  12:04  Stalker x4  
  97  12:05  Stalker  
  109  12:12  Stalker x2  
  103  12:38  Nexus  
  103  12:41  Protoss Ground Weapons Level 2  
  87  12:52  Archon  
  87  12:55  Stargate  
  87  13:01  Immortal  
  91  13:11  Pylon  
  91  13:14  Pylon  
  92  13:20  Gateway, Forge  
  92  13:21  Probe (Chrono Boost)  
  92  13:23  Gateway  
  92  13:24  Sentry x2  
  96  13:29  Zealot x2  
  100  13:37  Pylon  
  100  13:41  Oracle  
  103  13:50  Photon Cannon  
  103  14:03  Pylon, Assimilator  
  103  14:08  Pylon  
  103  14:14  Adept  
  103  14:16  Adept  
  107  14:20  Probe (Chrono Boost)  
  107  14:22  Adept  
  110  14:27  Adept  
  110  14:29  Adept  
  114  14:35  Adept  
  116  14:39  Adept  
  116  14:43  Adept  
  121  14:47  Probe (Chrono Boost)  
  121  14:51  Probe (Chrono Boost)  
  123  14:53  Probe (Chrono Boost)  
  123  14:56  Adept  
  123  14:59  Probe (Chrono Boost)  
  126  15:00  Adept  
  128  15:13  Adept x2  
  132  15:14  Assimilator  
  132  15:17  High Templar x3  
  132  15:20  High Templar  
  140  15:23  Archon  
  140  15:24  Archon  
  140  15:27  Adept  
  140  15:28  Adept  
  144  15:57  Adept x6  
  153  16:20  Stalker x3  
  153  16:21  Stalker x3  
  165  16:31  Void Ray  
  169  16:37  Probe (Chrono Boost)  
  169  16:38  Probe (Chrono Boost)  
  172  16:40  Probe (Chrono Boost)  
  172  16:49  Probe (Chrono Boost)  
  121  17:33  Adept  
  121  17:34  Adept x4  
  121  17:35  Adept  
  131  17:37  Probe x2 (Chrono Boost)  
  83  18:02  Zealot x5  
  83  18:03  Zealot  
  83  18:09  Zealot x2  
  85  18:20  Immortal  
  89  18:28  High Templar x3  
  89  18:29  High Templar  
  97  18:41  Archon x2  
  97  18:56  Nexus  
  93  19:19  Zealot  
Show
View Real Time Build Order
Export as new Build Order

FEMAZooBEAST Zerg - Winner!

Build Orders: Pool First 

Get SALT Encoding   

  12  0:21  Spawning Pool  
  12  0:23  Drone  
  12  0:29  Drone  
  12  0:35  Drone  
  14  0:40  Extractor  
  14  0:41  Drone  
  15  0:48  Overlord  
  15  1:10  Zergling x4  
  17  1:23  Queen  
  19  1:30  Zergling x4  
  21  1:40  Hatchery  
  21  1:45  Drone  
  21  1:52  Overlord  
  21  2:10  Queen  
  21  2:25  Zergling x6  
  24  2:36  Drone x3  
  26  2:43  Drone  
  27  2:54  Drone  
  28  3:05  Queen  
  28  3:06  Drone x2  
  28  3:11  Drone  
  32  3:13  Extractor  
  32  3:15  Drone, Extractor  
  32  3:17  Drone  
  32  3:28  Drone  
  32  3:29  Drone x2  
  32  3:30  Evolution Chamber  
  32  3:31  Drone x2  
  36  3:36  Overlord  
  36  3:44  Overlord  
  36  3:55  Drone x2  
  38  4:03  Drone x4  
  38  4:07  Queen  
  38  4:09  Drone  
  45  4:15  Drone  
  46  4:19  Drone x3  
  46  4:20  Metabolic Boost  
  49  4:26  Drone  
  49  4:28  Queen  
  49  4:31  Overlord  
  52  4:46  Overlord  
  52  4:56  Queen  
  51  5:08  Roach Warren  
  51  5:10  Overlord  
  51  5:12  Drone x4  
  51  5:13  Drone x5  
  59  5:23  Zergling x4  
  59  5:26  Hatchery  
  60  5:31  Extractor  
  60  5:33  Extractor  
  58  5:35  Baneling Nest  
  57  5:54  Zergling x6  
  57  5:55  Zergling x6  
  61  6:06  Zergling x10  
  58  6:12  Zergling x2  
  49  6:19  Zergling x2  
  49  6:24  Zergling x2  
  47  6:33  Drone  
  47  6:34  Drone x3  
  49  6:46  Drone  
  50  6:53  Queen, Drone x2  
  54  6:59  Drone  
  54  7:00  Drone x5  
  60  7:15  Lair  
  60  7:16  Zergling x12  
  60  7:17  Zergling x4  
  60  7:20  Zerg Ground Armor Level 1  
  68  7:42  Zergling x12  
  68  7:43  Roach x3  
  75  7:54  Roach x3  
  75  7:56  Overlord x2  
  81  7:59  Baneling  
  78  8:10  Zergling x6  
  73  8:15  Roach x4  
  75  8:40  Drone x3  
  78  8:41  Spine Crawler  
  78  8:44  Spine Crawler  
  78  8:45  Spore Crawler  
  78  8:47  Glial Reconstitution  
  75  8:56  Hydralisk Den  
  75  8:59  Drone x3  
  75  9:05  Overseer  
  75  9:13  Roach  
  75  9:14  Roach x6  
  75  9:15  Overlord x3  
  89  9:18  Zerg Ground Armor Level 2  
  89  9:23  Overseer  
  89  9:24  Evolution Chamber  
  89  9:29  Muscular Augments, Hydralisk  
  90  9:36  Extractor  
  90  9:37  Extractor  
  90  9:38  Overseer  
  88  9:39  Zergling x8  
  88  9:40  Zergling x14  
  99  10:01  Zerg Missile Weapons Level 1  
  99  10:03  Hatchery  
  97  10:14  Hydralisk x4  
  97  10:15  Hydralisk  
  107  10:47  Zergling x4  
  107  10:48  Zergling x18  
  107  10:49  Zergling x8  
  122  10:50  Overlord x2  
  122  11:07  Overlord x2  
  122  11:16  Infestation Pit, Hydralisk x4  
  122  11:17  Hydralisk x6  
  141  11:32  Zergling x4  
  143  11:33  Zergling x14  
  115  11:54  Roach x2, Hydralisk x3  
  115  11:55  Roach x2  
  117  12:07  Hydralisk  
  117  12:08  Roach x2  
  122  12:14  Drone x3  
  104  12:37  Hatchery  
  90  12:50  Hydralisk x5  
  100  13:04  Hydralisk x4  
  108  13:07  Zergling x2  
  109  13:13  Zerg Missile Weapons Level 2  
  109  13:23  Queen  
  111  13:38  Hydralisk x2  
  111  13:39  Hydralisk x2  
  119  13:52  Drone  
  120  14:11  Pathogen Glands  
  120  14:13  Infestor x2  
  124  14:40  Lurker Den  
  124  14:44  Spire, Hive  
  123  14:46  Spine Crawler  
  123  14:47  Drone x3  
  123  14:49  Spine Crawler  
  123  14:50  Queen  
  126  15:05  Zergling x2  
  126  15:06  Zergling x16  
  126  15:07  Zergling x2  
  136  15:18  Drone x2  
  136  15:20  Extractor  
  137  15:22  Extractor  
  136  15:36  Queen  
  138  15:51  Ravager x4  
  142  15:59  Burrow  
  142  16:01  Greater Spire  
  142  16:02  Overlord x2  
  142  16:03  Overlord  
  141  16:31  Corruptor x2  
  141  16:32  Corruptor x2  
  149  16:39  Lurker  
  153  16:40  Lurker x6  
  114  17:16  Roach x8  
  114  17:17  Roach x5  
  114  17:21  Zergling x2  
  139  17:27  Hydralisk  
  129  17:47  Brood Lord  
  129  17:48  Brood Lord  
  102  18:06  Brood Lord x2  
  106  18:15  Queen  
  108  18:36  Hatchery  
  107  19:11  Roach x3, Hydralisk x3  
  107  19:14  Hatchery  
Tags
 
Add a new tag
Caveats
  • Supply blocks, unpowered buildings, or Contaminate may cause inaccurate times.
  • Supply counts are checked every 10 seconds.